[Event "Israeli Women Championship 2022"]
[Site "Yosiah Arad"]
[Date "2022.12.09"]
[Round "5.5"]
[White "Kochavi, Dana"]
[Black "Orian, Noga"]
[Result "0-1"]
[ECO "B90"]
[WhiteElo "1928"]
[BlackElo "1947"]
[Annotator "TA"]
[PlyCount "78"]
[EventDate "2022.12.05"]
[EventType "tourn"]
[EventCountry "ISR"]
[SourceTitle "playchess.com"]
[Source "ChessBase"]
[SourceQuality "1"]
[TimeControl "40/5400+30:1800+30"]

1. e4 c5 2. Nf3 d6 3. d4 cxd4 4. Nxd4 Nf6 5. Nc3 a6 6. h3 e5 7. Nde2 b5 8. g4 {[%emt 0:00:30] B90: Sicilian Najdorf: Unusual White 6th moves, 6 Be3 Ng4 and 6 Be3 e5.} b4 {[%emt 0:00:30] Inhibits g5.} 9. Nd5 Nxd5 10. Qxd5 {[%emt 0:00:30] The position is equal.} Ra7 11. Bg2 {[%emt 0:00:30] [#]} Rc7 $146 ({Predecessor:} 11... Be6 12. Qd2 a5 13. a3 Rb7 14. axb4 axb4 15. O-O Be7 16. Ng3 O-O 17. Nf5 Nc6 {1-0 (40) Ponkratov,P (2632)-Bocharov,D (2524) Khanty-Mansiysk 2019}) 12. c3 (12. Be3 $5 ) 12... Be6 13. Qd1 Bc4 (13... a5 $11) 14. O-O (14. cxb4 $16 h5 15. Be3) 14... bxc3 $11 15. bxc3 (15. Nxc3 $11 {keeps the balance.} Bxf1 16. Bxf1) 15... Be7 {[%emt 0:00:30] Black is more active.} 16. Re1 O-O $36 {[%emt 0:00:30][%mdl 2048] Black is more active.} 17. Ng3 g6 (17... Nd7 {feels hotter.} 18. Nf5 Nc5 19. Be3 Qd7) 18. Ba3 (18. Bh6 $15) 18... Rc6 19. Qc2 Nd7 20. Bf1 Qc7 21. Re3 Rc8 22. Rd1 Bxf1 23. Nxf1 Qa5 ({And not} 23... Rxc3 24. Rxc3 Qxc3 25. Qxc3 Rxc3 26. Bxd6 Bxd6 27. Rxd6 $15) 24. Qb2 Nb6 {[%emt 0:00:30] [#] Threatens to win with ...Nc4.} ({Don't play} 24... Rxc3 25. Bb4 Qa4 26. Bxc3 $18) 25. Bb4 Qb5 (25... Nc4 $142 26. Bxa5 Nxb2) 26. Red3 {[%emt 0:00:30] White does not recover from this.} (26. Qb3 $17) 26... Nc4 $19 27. Qb3 (27. Qa1 {was necessary.}) 27... a5 28. Rd5 {[%emt 0:00:30] Black is clearly winning.} Qa6 29. Ba3 (29. a4 $142) 29... a4 30. Qb5 Qxb5 31. Rxb5 Nxa3 32. Rb7 R6c7 33. Rxc7 Rxc7 34. Ne3 Rb7 {[%emt 0:00:30] Hoping for ...Rb2.} 35. Nd5 Kf8 36. Nb4 Rc7 37. Rd3 Rc4 38. f3 Nb5 39. Nd5 Bd8 {[%emt 0:00:30] Weighted Error Value: White=0.42/Black=0.13 (very precise)} 0-1

[Event "Israeli Women Championship 2022"]
[Site "Yosiah Arad"]
[Date "2022.12.10"]
[Round "6.1"]
[White "Shvayger, Yuliya"]
[Black "Efroimski, Marsel"]
[Result "1/2-1/2"]
[ECO "B70"]
[WhiteElo "2350"]
[BlackElo "2470"]
[Annotator "TA"]
[PlyCount "50"]
[EventDate "2022.12.05"]
[EventType "tourn"]
[EventCountry "ISR"]
[SourceTitle "playchess.com"]
[Source "ChessBase"]
[SourceQuality "1"]
[TimeControl "40/5400+30:1800+30"]

1. e4 c5 2. Nf3 d6 3. d4 cxd4 4. Nxd4 Nf6 5. Nc3 Nc6 6. g3 g6 7. Nde2 Bg7 8. Bg2 Bd7 9. O-O {[%emt 0:08:43] B70: Sicilian Dragon: 6 g3 and 6 Be2 (without a later Be3).} h5 10. h4 Qc8 11. Nd5 Nxd5 12. exd5 Ne5 {[%emt 0:01:56] [#]} 13. Nd4 $146 ({Predecessor:} 13. c3 O-O 14. Bg5 Bg4 15. f3 Bh3 16. b3 Qc5+ 17. Kh2 Bf5 18. Qd2 Rfe8 19. Rad1 {0-1 (38) Martin,J (2385)-Warmerdam,M (2599) Reykjavik 2022}) 13... Bg4 14. f3 Bh3 15. c3 Bxg2 16. Kxg2 Qc4 17. Qb3 O-O 18. Bg5 Rfe8 19. Rad1 (19. Qxb7 Reb8 20. Qxe7 Rxb2+ 21. Kg1 Qc8 $19) 19... Rac8 20. Rf2 (20. Qxb7 $2 {too greedy.} Rb8 21. Qxa7 Ra8 $19) 20... Qa6 21. Re2 Rc5 22. Re4 b6 23. Nc2 Rcc8 24. Nb4 Qb7 25. Nd3 Qa6 {[%emt 0:11:03] An interesting draw.   Weighted Error Value: White=0.04 (flawless) /Black=0.04 (flawless)} 1/2-1/2

[Event "Israeli Women Championship 2022"]
[Site "Yosiah Arad"]
[Date "2022.12.10"]
[Round "6.2"]
[White "Orian, Noga"]
[Black "Levitan, Ronit"]
[Result "0-1"]
[ECO "D35"]
[WhiteElo "1947"]
[BlackElo "1989"]
[Annotator "TA"]
[PlyCount "88"]
[EventDate "2022.12.05"]
[EventType "tourn"]
[EventCountry "ISR"]
[SourceTitle "playchess.com"]
[Source "ChessBase"]
[SourceQuality "1"]
[TimeControl "40/5400+30:1800+30"]

1. c4 e6 2. Nc3 d5 3. d4 Be7 4. cxd5 exd5 5. Bf4 Nf6 6. e3 O-O 7. Bd3 c5 8. dxc5 Bxc5 9. Nf3 Nc6 10. h3 {[%emt 0:04:46] D35: Queen's Gambit Declined: Exchange Variation.} d4 11. exd4 Re8+ {[%emt 0:04:43] [#]} 12. Ne2 $146 (12. Be3 $11 {and White has nothing to worry.} Nxd4 13. Nxd4 Bxd4 14. Bb5 (14. O-O Bxe3 15. fxe3 Qb6 $17)) ({Predecessor:} 12. Be2 Nxd4 13. Nxd4 Bxd4 14. O-O Bf5 15. Bf3 Be4 16. Nxe4 Nxe4 17. Qb3 Qf6 18. Bxe4 Qxf4 19. Bxb7 {1-0 (66) Kozlowski,T (2055)-Jeanjean,D (2145) France 1998}) 12... Nxd4 $19 13. Nfxd4 Qxd4 (13... Bxd4 14. O-O Nd5 15. Bg3 Bxb2 16. Bxh7+ Kxh7 17. Qc2+ Kg8 18. Qxb2 $11) 14. O-O {[%emt 0:01:05] [#]} Rxe2 15. Bxe2 {[%emt 0:00:07] Strongly threatening Be3.} Qxf4 16. Qd8+ Bf8 17. Rac1 {[%emt 0:01:28] [#]} Qb8 18. Bf3 Be6 19. Qxb8 Rxb8 20. Rfd1 b6 (20... Bxa2 $2 {loses.} 21. Rc7) 21. a3 a5 22. Rc7 g6 23. Rb7 Rxb7 24. Bxb7 Bc5 25. Rd8+ Kg7 26. Bc6 Bb3 27. g3 Ng8 28. g4 Ne7 29. Bb7 Kf6 30. Rd3 Bc4 31. Rc3 Be6 32. Rd3 Ke5 33. Kg2 Nd5 {[%emt 0:02:35] Threatens to win with ...Nf4+.} 34. Kg3 Nf4 {[%emt 0:03:38] Inhibits h4.} 35. Rd1 g5 36. Re1+ Kd4 37. h4 h6 38. Kf3 Kd3 {[%emt 0:03:26] Black is clearly winning.} 39. Rb1 Bb3 {[%emt 0:01:06] Inhibits b4.} 40. hxg5 hxg5 41. Rc1 Kd2 42. Rc3 Bd1+ 43. Ke4 Bxg4 44. Ba6 Bxf2 {[%emt 0:05:59] White did not feel at home in the position after the opening.   Weighted Error Value: White=0.41/Black=0.10 (very precise)} 0-1

[Event "Israeli Women Championship 2022"]
[Site "Yosiah Arad"]
[Date "2022.12.10"]
[Round "6.3"]
[White "Ovechkin, Lilia"]
[Black "Reprun, Nadejda"]
[Result "1/2-1/2"]
[ECO "D00"]
[WhiteElo "1680"]
[BlackElo "1979"]
[Annotator "TA"]
[PlyCount "38"]
[EventDate "2022.12.05"]
[EventType "tourn"]
[EventCountry "ISR"]
[SourceTitle "playchess.com"]
[Source "ChessBase"]
[SourceQuality "1"]
[TimeControl "40/5400+30:1800+30"]

1. d4 d5 2. e3 Nf6 3. Bd3 c5 4. c3 e6 5. Nd2 Nc6 6. f4 Be7 7. Ngf3 Ng4 {[%emt 0:06:50] D00: 1 d4 d5: Unusual lines.} 8. Qe2 f5 9. b3 O-O 10. Bb2 Bd7 {[%emt 0:10:19] [#]} 11. g3 $146 ({Predecessor:} 11. a3 Qb6 12. Rb1 Nf6 13. b4 c4 {½-½ (13) Gareis,R (1878)-Kohn,A (1889) Mecklenburg VP 2011}) 11... a5 12. a4 Rb8 13. O-O Na7 14. Ne5 Nxe5 15. fxe5 ({Better is} 15. dxe5 $14 g6 16. Rfb1) 15... b5 $11 16. axb5 cxd4 (16... Nxb5 $11 17. Ra2 Na7) 17. exd4 ({White must play} 17. c4 $16) 17... Bxb5 {[%emt 0:00:06] The position is equal.} 18. Bxb5 Nxb5 19. Ra4 Qc7 {[%emt 0:04:49] Weighted Error Value: White=0.18 (very precise) /Black=0.22 (precise)} 1/2-1/2

[Event "Israeli Women Championship 2022"]
[Site "Yosiah Arad"]
[Date "2022.12.10"]
[Round "6.4"]
[White "Brusilovski, Lena"]
[Black "Tashkinova, Sofiia"]
[Result "1-0"]
[ECO "C11"]
[WhiteElo "1800"]
[BlackElo "2006"]
[Annotator "TA"]
[PlyCount "151"]
[EventDate "2022.12.05"]
[EventType "tourn"]
[EventCountry "ISR"]
[SourceTitle "playchess.com"]
[Source "ChessBase"]
[SourceQuality "1"]
[TimeControl "40/5400+30:1800+30"]

1. e4 e6 2. Nf3 d5 3. Nc3 Nf6 4. e5 Nfd7 5. d4 c5 6. Bg5 Qb6 {[%emt 0:00:00] C11: French: Classical System: 4 e5 and 4 Bg5 dxe4.} 7. dxc5 Bxc5 8. Qd2 (8. Bb5 Bxf2+ 9. Kf1 a6 $17) 8... Nc6 {[%emt 0:00:00][%cal Oc5f2] Black is slightly better.} (8... Qxb2 9. Rb1 Qa3 10. Nb5 Qxa2 11. Nc7+ Kf8 12. Rc1 $16) 9. Na4 {[%emt 0:01:28] [#]} Qc7 (9... Bxf2+ $1 $17 10. Qxf2 Qb4+ 11. c3 (11. Nc3 $2 Qxb2 12. Rc1 Qxc3+ 13. Bd2 Qb2 $19) 11... Qxa4) 10. Nxc5 $11 Nxc5 {[%emt 0:00:00][%cal Bd7c5,Bc5e4,Be4c3][%mdl 32] [#]} 11. Qe3 $146 ({Predecessor:} 11. Bf4 Bd7 12. c3 O-O 13. Be2 Na5 14. O-O Nc4 15. Qc2 h6 16. b3 Na3 17. Qb2 {½-½ (40) Edwards,E (1686)-Zuniga Samano,P (1803) Internet 2022}) 11... Ne4 12. Bd3 (12. Bf4 $11) 12... Qa5+ (12... h6 $15 13. Bh4 g5) 13. c3 h6 14. Bf4 (14. Bxe4 $2 dxe4 15. Qxe4 (15. b4 $2 Qc7 $19) 15... hxg5 $19) 14... g5 15. Bg3 Nxc3 16. O-O Na4 17. h4 g4 (17... Qb6 $11) 18. Nd4 $16 Nxd4 19. Qxd4 h5 (19... Bd7 $16) 20. b3 $1 $18 Nb6 21. Rfc1 Bd7 22. Rc5 {[%emt 0:02:43] Inhibits Nc8.} Qa3 23. Bf4 Rc8 24. Rac1 Rxc5 25. Rxc5 Bc6 26. Bc1 {[%emt 0:00:42] A strong pair of Bishops.} Qxa2 27. Qc3 (27. b4 $1 $18) 27... d4 28. Qxd4 {[%emt 0:02:21] Bg5 is the strong threat.} (28. Qb4 $5 g3 $8 29. Rc2 $11) 28... g3 29. Rc2 Qxb3 30. fxg3 Qd5 31. Qe3 (31. Qc3 $5) 31... Rg8 {[%emt 0:00:00][%cal Ob6c4] Prevents Qg5. Hoping for ...Nc4!} (31... Nc4 $5 32. Qe2 Nxe5 $11) 32. Kh2 Rg4 33. Rd2 Qd4 34. Qe2 Nc4 (34... Nd7 {is more complex.} 35. Bf5 Rxh4+ 36. gxh4 Qf4+) 35. Bxc4 Qxc4 36. Qe3 Bd5 (36... Qxc1 37. Rd8+ $1 Kxd8 38. Qxc1 $16) 37. Ba3 Qb3 38. Rd3 Qa2 39. Rd2 Qb3 40. Rd3 Qc4 41. Bd6 Qe4 42. Qd2 a6 (42... Bc6 $1 $11) 43. Rc3 $16 {[%emt 0:00:00][%mdl 1024] White has strong compensation.} Bc6 44. Rc2 (44. Qf2 $16) 44... Rg6 $11 45. Qf2 {[%emt 0:00:00][%cal Of2a7] White threatens Qa7! and mate.} Qd3 46. Rd2 Qb3 47. Rd4 Qb6 48. Qd2 Qb3 (48... a5 $11) 49. Rd3 $1 $16 Qa4 50. Bb4 (50. Ba3 $1 $16 Bd5 51. Rc3) 50... Bd5 $14 51. Rc3 Qa2 $2 (51... Qxb4 $2 52. Rc8+ Kd7 53. Qxb4 $18) ({Better is} 51... Qd7 $14) 52. Rc8+ $18 Kd7 53. Rc2 Qb3 {[%emt 0:00:26] [#]} 54. Bc3 $2 ({White must play} 54. Qf2 $1 $18 f5 (54... Qxg3+ 55. Qxg3) 55. Qc5 Qxg3+ 56. Kg1 Qxg2+ 57. Rxg2 Rxg2+ 58. Kf1) 54... Ke8 $11 55. Rb2 Qc4 56. Rb4 Qc6 57. Rf4 (57. Rb1 $11 {remains equal.}) 57... Rg4 $17 58. Rf2 (58. Rd4 $142) 58... Rg6 $2 (58... Qc5 $17 {and life is bright. And now ...Rc4 would win.} 59. Rf4 Rxf4 60. gxf4 Qb5) 59. Bb4 $16 Qc4 60. Bd6 Qa4 61. Qe3 (61. Qc3 Qc6 62. Qb2) (61. Qc3 $14 Qc6 62. Qd4) 61... Qc6 $2 (61... Qc4) (61... Qc4 $1 $11 {and Black stays safe.}) 62. Qf4 $18 Qd7 63. g4 $1 hxg4 {[%emt 0:00:29] [#] Threatens to win with ...g3+.} (63... Rxg4 $2 64. Qh6 Kd8 65. Qf8+ (65. Qxh5 f5 $11) 65... Qe8 66. Bc7+ $1 (66. Qxf7 $2 Qxf7 67. Rxf7 Rxh4+ 68. Kg3 Rg4+ 69. Kf2 Rxg2+ 70. Ke3 Rg3+ 71. Kf2 h4 $19) 66... Kxc7 67. Qxe8 $18) 64. g3 $2 (64. Kg3 Rg8 65. h5) (64. Kg3 $1 $18 {aiming for h5.} Rg8 65. h5) 64... b5 $2 (64... Bf3) (64... Bf3 $11) 65. h5 Rg8 66. Qf6 Bf3 67. h6 Be4 68. Rf4 Bg6 69. Rxg4 $2 (69. Rf1 a5 70. Rc1 Qb7 71. h7 Bxh7 72. Rc7 Qxc7 73. Bxc7 Kd7 74. Qxf7+ Kc6 75. Bxa5) (69. Rf1 {Rc1 would kill now.} Qa7 70. Rc1) 69... Qd8 70. Qf3 $40 {[%emt 0:00:00][%mdl 128] Strongly threatening Qc6+. White attacks with force.} Qc8 {[%emt 0:00:23] [#] Against Qc6+} 71. Qf6 $2 {[%emt 0:00:00] Inhibits Rh8.} (71. Bb4 $1 $18) 71... Qc2+ 72. Kh3 Kd7 73. Qe7+ (73. h7 $5 Re8 $8 74. h8=Q (74. h8=N $2 Qd1 $19) (74. h8=R Rxh8+ 75. Qxh8 Qc6 $11) 74... Rxh8+ 75. Qxh8 $11) 73... Kc8 $1 74. Rxg6 {[%emt 0:00:50][%mdl 64] Really sharp!} (74. Qa7 $5 Qc6 $8 75. Kh2 (75. Qb8+ Kd7 $11) 75... Qc2+ 76. Kh3 $11) 74... Rxg6 $4 (74... Qf5+ $11 75. Kg2 (75. Kh4 Qe4+ 76. g4 Qe1+ 77. Kh3 Qc3+ 78. Kh4 Qe1+ 79. Kh3 Qc3+ 80. Kh2 Qc2+ 81. Kh3 Qc3+ $11) 75... Qe4+ 76. Kg1 Qd4+ 77. Kg2 Qe4+ 78. Kf2 (78. Kg1 Qd4+ 79. Kh2 Qf2+ 80. Kh1 Qe1+ 81. Kh2 Qf2+ 82. Kh3 Qf5+ 83. Kh4 Qe4+ 84. g4 Qe1+ 85. Kh3 Qc3+ 86. Kh2 Qd2+ 87. Kh3 Qc3+ 88. Kg2 Qc2+ 89. Kh3 Qc3+ $11) 78... Qc2+ 79. Kf3 Qd3+ 80. Kg2 Qe4+) 75. Qe8+ (75. Qxf7 $2 {is the wrong capture.} Rxh6+ 76. Kg4 Qg6+ 77. Qxg6 Rxg6+ $19) 75... Kb7 76. Qb8+ {[%emt 0:00:19] Weighted Error Value: White=0.30/Black=0.32} ({Worse is} 76. Qxf7+ Kb6 77. Bf8 Qe4 78. Qf2+ Ka5 79. Qa2+ Kb6 80. Qf2+ Ka5 81. Qa2+ Kb6 82. Qf2+ $11) 1-0

[Event "Israeli Women Championship 2022"]
[Site "Yosiah Arad"]
[Date "2022.12.10"]
[Round "6.5"]
[White "Kochavi, Dana"]
[Black "Kluchik, Julia"]
[Result "1/2-1/2"]
[ECO "C82"]
[WhiteElo "1928"]
[BlackElo "1887"]
[Annotator "TA"]
[PlyCount "97"]
[EventDate "2022.12.05"]
[EventType "tourn"]
[EventCountry "ISR"]
[SourceTitle "playchess.com"]
[Source "ChessBase"]
[SourceQuality "1"]
[TimeControl "40/5400+30:1800+30"]

1. e4 e5 2. Nf3 Nc6 3. Bb5 a6 4. Ba4 Nf6 5. O-O Nxe4 6. d4 b5 7. Bb3 d5 8. dxe5 Be6 9. c3 Bc5 10. Nbd2 O-O 11. Bc2 Nxf2 12. Rxf2 Bxf2+ 13. Kxf2 f6 14. exf6 Qxf6 15. Kg1 Rae8 16. Nf1 Ne5 17. Be3 Nxf3+ 18. Qxf3 Qxf3 19. gxf3 Rxf3 20. Bc5 {[%emt 0:05:22] C82: Open Ruy Lopez: 9 c3 without 9...Be7.} Bh3 21. Ng3 {[%emt 0:01:29] Prevents Re2.} g6 22. Rd1 Re6 23. Bd3 (23. Bf2 $11) 23... Bg4 {[%emt 0:06:25][%cal Of3g3] Hoping for ...Rxg3+!} 24. Rd2 (24. Bc2 $2 Rxg3+ $1 25. hxg3 Bxd1 26. Bxd1 Re1+ 27. Kf2 Rxd1 $19) 24... h5 25. Bf2 {[%emt 0:04:40] [#] Against Re1+} c5 $146 (25... h4 $5 26. Nf1 g5 $15) ({Predecessor:} 25... h4 26. Nf1 g5 27. Be2 Rf4 28. Bxg4 Rxg4+ 29. Kh1 Rf4 30. Kg2 c6 31. h3 g4 32. hxg4 Rxg4+ 33. Kf3 Rge4 34. Bd4 Rg6 35. Rh2 Re1 36. Ne3 Rh6 {½-½ (36) Copar,A-Acedo,H ICCF email 1994}) 26. Bc2 (26. Bf1 $11 c4 27. Nh1 (27. Rxd5 h4 $11) (27. Bg2 Rd3 $11)) 26... h4 $17 27. Nf1 {[%emt 0:00:26] [#]} (27. Bb3 $17 {was necessary.}) 27... Bh3 $1 $19 28. Bd3 (28. Rxd5 $2 {perishes.} Re2 29. Rd3 Rfxf2 $19) 28... c4 $2 (28... Re5 $19 {is more deadly. White must now prevent ...c4.} 29. Ng3 (29. Bxh4 $2 {loses.} c4 $19) 29... hxg3 30. hxg3 Rg5) 29. Be2 $17 {[%emt 0:00:59] [#]} Rf5 {[%emt 0:02:00] ...Rg5+ is the strong threat.} 30. Ne3 Rg5+ 31. Kh1 Rge5 32. Bf3 Rxe3 33. Bxd5 {[%emt 0:00:12] This pair of bishops is nice.} Rd3 34. Bxe6+ Bxe6 {[%emt 0:00:02][%mdl 4096] Endgame KRB-KRB} 35. Re2 Bg4 36. Re1 h3 (36... Rd2 $142 37. Bxh4 Rxb2) 37. Be3 Rd1 (37... a5 $17 {Threatens to win with ...b4.} 38. a3 Kf7) 38. Rxd1 $15 Bxd1 {[%emt 0:00:01] KB-KB} 39. Kg1 Kf7 40. Kf2 Ke6 41. Kg3 {[%emt 0:30:20] The position is equal.} Kf5 42. Kxh3 Ke4 43. Bc5 Kd3 44. Kg3 Kc2 45. a4 Kxb2 46. axb5 Ba4 (46... axb5 $5 47. Bb4 Be2 $11) 47. bxa6 (47. b6 $5 Bc6 $8 48. Bb4 $11) 47... Kxc3 48. a7 Bc6 {[%emt 0:00:00] Inhibits a8Q.} 49. Kf4 {[%emt 0:00:00] White happily takes the draw.   Weighted Error Value: White=0.20 (precise) /Black=0.18 (very precise)} 1/2-1/2

[Event "Israeli Women Championship 2022"]
[Site "Yosiah Arad"]
[Date "2022.12.11"]
[Round "7.1"]
[White "Efroimski, Marsel"]
[Black "Kochavi, Dana"]
[Result "1/2-1/2"]
[ECO "B10"]
[WhiteElo "2470"]
[BlackElo "1928"]
[Annotator "TA"]
[PlyCount "123"]
[EventDate "2022.12.05"]
[EventType "tourn"]
[EventCountry "ISR"]
[SourceTitle "playchess.com"]
[Source "ChessBase"]
[SourceQuality "1"]
[TimeControl "40/5400+30:1800+30"]

1. e4 c6 2. c4 d5 3. cxd5 cxd5 4. exd5 Nf6 5. Nc3 Nxd5 6. Nf3 g6 {[%emt 0:00:24] B10: Caro-Kann: 2 d3 and 2 c4.} 7. Qb3 Nb6 8. a4 Be6 {[%emt 0:03:33] Inhibits a5.} 9. Qb5+ Bd7 {[%emt 0:02:09] [#]} 10. Qe5 $146 {[%emt 0:06:49][%mdl 128] White has some attack.} ({Predecessor:} 10. Qb3 Bc6 11. a5 N6d7 12. Bc4 e6 13. O-O Bg7 14. d4 {0-1 (55) Kadam,O (2114)-Vrolijk,L (2502) Chess.com INT 2020}) 10... f6 11. Qe3 Nc6 12. a5 Nc8 (12... Nb4 {is more complex.} 13. Qe4 e5 14. Nxe5 fxe5 15. axb6 Qxb6 16. Qxe5+ Qe6) 13. a6 (13. Ne4 $5 e6 14. Bc4 $11) 13... bxa6 (13... Nd6 {looks sharper.} 14. axb7 Rb8 15. Ne4 e5) 14. Bxa6 Nb4 {[%emt 0:01:10] [#] aiming for ...Nc2+.} 15. O-O Nxa6 16. Rxa6 Bg7 17. Nd4 Nb6 (17... O-O $1 $11) 18. Ne6 $16 {[%emt 0:02:29] White is much more active. The black rooks are badly placed.} Bxe6 19. Qxe6 {[%emt 0:00:02] Strongly threatening Re1.} Qc8 {[%emt 0:00:41] [#]} 20. Qa2 {[%emt 0:00:48] Hoping for d3.} Qc4 {[%emt 0:02:16] Against d3} 21. Rxa7 (21. b3 $16 Qc7 22. Ra5) 21... Qxa2 $11 22. Rxa2 Rxa2 23. Nxa2 Kf7 24. Rd1 f5 25. Nc3 Rd8 {[%emt 0:02:12][%mdl 1024] Black has compensation.} 26. Kf1 Rd4 27. Ke2 Nd5 28. g3 {[%emt 0:02:32] Inhibits Nf4+.} Nb4 29. d3 Rd7 30. Be3 Nc6 31. Rd2 Rb7 32. Kd1 Rd7 33. f4 Nb4 34. Ke2 Rc7 35. d4 e6 36. Kf2 Rc4 {[%emt 0:05:39] The position is equal.} 37. Ke2 Rc7 38. Bf2 Ke7 39. Rd1 Rb7 40. Rd2 Rd7 41. Kf3 (41. d5 $5 Bxc3 42. Bc5+ (42. bxc3 Nxd5 43. Bd4 Rb7 $14) 42... Ke8 43. bxc3 Nxd5 44. Bd4 $14 (44. c4 $2 Nc3+ 45. Ke3 Rxd2 $19)) 41... Nc6 42. Ne2 Rb7 43. Kg2 Na5 44. Rc2 Nb3 45. Be1 Nxd4 46. Nxd4 Bxd4 {[%emt 0:00:09][%mdl 4096] Endgame KRB-KRB} 47. b4 e5 48. fxe5 Bxe5 49. Kf3 Bd6 50. Ke2 f4 (50... Bxb4 $2 51. Rb2 $18) 51. gxf4 Bxf4 52. Kd3 Bd6 53. Re2+ Kd7 54. Kc4 Kc6 55. h3 Re7 56. b5+ Kb7 57. Rd2 Bc7 58. Rd1 Re4+ 59. Kd3 Re5 60. Rb1 Rh5 61. h4 Bd8 62. Kc4 {[%emt 0:01:19] Weighted Error Value: White=0.07 (flawless) /Black=0.07 (flawless)} 1/2-1/2

[Event "Israeli Women Championship 2022"]
[Site "Yosiah Arad"]
[Date "2022.12.11"]
[Round "7.2"]
[White "Tashkinova, Sofiia"]
[Black "Shvayger, Yuliya"]
[Result "0-1"]
[ECO "B30"]
[WhiteElo "2006"]
[BlackElo "2350"]
[Annotator "TA"]
[PlyCount "86"]
[EventDate "2022.12.05"]
[EventType "tourn"]
[EventCountry "ISR"]
[SourceTitle "playchess.com"]
[Source "ChessBase"]
[SourceQuality "1"]
[TimeControl "40/5400+30:1800+30"]

1. e4 c5 2. Nf3 Nc6 3. Bb5 e6 4. Bxc6 bxc6 5. e5 f6 6. O-O {[%emt 0:03:52] B30: Sicilian: 2...Nc6 3 Bb5, lines without ...g6.} fxe5 7. Nxe5 Nf6 {[%emt 0:00:13][%cal Bg8f6,Bf6d5,Bd5f4][%mdl 32] Prevents Qh5+.} 8. b3 {[%emt 0:03:35] The position is equal.} d6 9. Ng4 (9. Nxc6 $2 {too greedy.} Qc7 10. Nxa7 (10. Qf3 $2 Bb7 $19) 10... Qxa7 $19) 9... Be7 10. Bb2 $1 O-O $36 {[%emt 0:00:22][%mdl 2048] [#] Black is more active.} 11. Na3 $146 (11. Nxf6+ $11 {remains equal.} Bxf6 12. Bxf6 Qxf6 13. Nc3) ({Predecessor:} 11. Nxf6+ Bxf6 12. Bxf6 Qxf6 13. Nc3 e5 14. Qh5 Qf4 15. Qe2 Bf5 16. d3 Rae8 17. Ne4 {0-1 (50) Boehnisch,M (2302)-Sveshnikov,E (2509) Radebeul 2016}) 11... Nd5 $17 12. c4 (12. Kh1 $142) 12... Nf4 13. d3 e5 14. f3 Qe8 (14... Bf5 $142 {White must now prevent ...Qe8.} 15. Nf2 Bh4) 15. Bc1 Qg6 {[%emt 0:03:03][%cal Of4g2] [#] Hoping for ...Nxg2!} 16. Bxf4 Rxf4 17. g3 Rf7 18. Qe2 {[%emt 0:03:57] Prevents e4.} Bf5 19. Rad1 Raf8 20. Nc2 (20. Nb1 $17 {keeps fighting.}) 20... h5 21. Nge3 Bh3 22. Ng2 Bg5 23. b4 cxb4 24. Nxb4 Rc8 25. Qe4 {[%emt 0:03:10] [#]} (25. Rf2 $17) 25... Bf5 $1 $19 26. Qe2 Rb7 27. a3 a5 28. Nc2 Rb2 29. Rf2 Rb3 {[%emt 0:03:13][%cal Rf5d3] Inhibits c5.} 30. Nge1 Rcb8 {[%emt 0:00:28] Prevents c5.} 31. c5 Rd8 {[%emt 0:08:54] Black has more active pieces.} ({Worse is} 31... dxc5 32. Qxe5 R3b5 33. a4 $17) 32. d4 (32. Ne3 $17 {is a better defense.}) 32... Qe6 33. dxe5 (33. h4 $17 Bf6 34. Ne3 exd4 35. Nxf5 Qxf5 36. Qc4+ Qd5 37. Qxd5+ cxd5 38. cxd6) 33... dxe5 34. Rxd8+ Bxd8 35. f4 $2 (35. Ne3 Bh3 36. Nc4) 35... Be7 36. Rf1 Bxc5+ 37. Kg2 Bh3+ {[%emt 0:00:35] A strong pair of Bishops.} 38. Kh1 Bxf1 39. Qxf1 Qd5+ 40. Ng2 exf4 {[%emt 0:00:45] Black mates.} 41. gxf4 h4 42. Nce1 h3 43. f5 Rb1 {[%emt 0:00:00] Weighted Error Value: White=0.54/Black=0.09 (flawless)} 0-1